 Dungeon Crawl Stone Soup version 0.25-a0-737-g26c3a87 (webtiles) character file.

Game seed: 2834095176318458542, levelgen mode: deterministic

225 JarJarBinks the Chiller (level 6, 0/47 HPs)
             Began as a Human Ice Elementalist on Apr 11, 2020.
             Slain by a centaur skeleton (1 damage)
             ... on level 4 of the Dungeon.
             The game lasted 00:13:39 (3854 turns).

JarJarBinks the Chiller (Human Ice Elementalist)    Turns: 3854, Time: 00:13:40

Health: 0/47       AC:  4    Str:  9    XL:     6   Next: 21%
Magic:  7/9        EV: 13    Int: 17    God:
Gold:   202        SH:  0    Dex: 13    Spells: 1/9 levels left

rFire    . . .     SeeInvis .   e - +0 short sword
rCold    . . .     Gourm    .   (no shield)
rNeg     . . .     Faith    .   a - +0 robe
rPois    .         Spirit   .   i - +0 helmet
rElec    .         Reflect  .   (no cloak)
rCorr    .         Harm     .   (no gloves)
MR       .....                  d - +0 pair of boots {run}
Stlth    ++........             (no amulet)
HPRegen  0.15/turn              (no ring)
MPRegen  0.11/turn              (no ring)

@: quick
A: no striking features
a: no special abilities


You were on level 4 of the Dungeon.
You were not hungry.

You visited 1 branch of the dungeon, and saw 4 of its levels.

You collected 202 gold pieces.

Inventory:

Hand Weapons
 e - a +0 short sword (weapon)
Armour
 a - a +0 robe (worn)
 d - a +0 pair of boots of running (worn)
 i - a +0 helmet (worn)
Scrolls
 g - a scroll of remove curse
 h - 7 scrolls of identify {unknown}
 l - a scroll of fog {unknown}
 m - 2 scrolls of amnesia {unknown}
 n - a scroll of fear {unknown}
 o - a scroll of teleportation
Potions
 b - 3 potions of brilliance {unknown}
 f - a potion of magic {unknown}
 j - 2 potions of flight {unknown}
 k - a potion of stabbing {unknown}
Comestibles
 c - 7 rations


   Skills:
 - Level 3.0 Fighting
 - Level 3.0 Dodging
 - Level 2.0 Stealth
 - Level 2.1 Spellcasting
 * Level 2.9 Summonings
 - Level 4.5 Ice Magic


You had one spell level left.
You knew the following spells:

 Your Spells              Type           Power        Failure   Level  Hunger
a - Freeze                Ice            ###.         3%          1    #......
b - Frozen Ramparts       Ice            ###...       9%          3    ###....
c - Summon Ice Beast      Ice/Summ       ##......     38%         4    #####..

Your spell library contained the following spells:

 Spells                   Type           Power        Failure   Level  Hunger
 Ozocubu's Armour         Chrm/Ice       #.......     22%         3    ###....
 Hailstorm                Conj/Ice       #.......     58%         4    #####..


Dungeon Overview and Level Annotations

Branches:
Dungeon (4/15)
 Temple: D:4-7

Altars:
Dithmenos
Fedhas
Hepliaklqana
Okawaru
Wu Jian
Yredelemnul

Annotations:
D:3 Jessica


Message History

The wall freezes the ooze.
You kill the ooze!
The centaur skeleton completely resists.
The wall freezes the centaur skeleton but do no damage.
The ice beast completely resists.
The wall freezes the ice beast but do no damage.
You hit the ice beast but do no damage.
The ice beast completely resists.
The wall freezes the ice beast but do no damage.
The ice beast closely misses you.
You hit the ice beast but do no damage.
The frozen ramparts melt away.
The ice beast hits you. The ice beast freezes you!
You barely miss the ice beast. The ice beast misses you.
You hit the ice beast but do no damage. The ice beast hits you.
The ice beast freezes you! The ice beast closely misses you.
You hit the ice beast but do no damage. The ice beast hits you.
* * * LOW HITPOINT WARNING * * *
The ice beast freezes you!
* * * LOW HITPOINT WARNING * * *
The centaur skeleton hits you.
You die...

..........#P.PPP.P.P.P.#...#....
...........P.P.P.P.P...†.#.##...
........[..PPP.P.P.P.P..#####...
.................P.P.P...#......
...........PPPPPPP.PPP..........
.......[......###..###..........
........?Z....##...# #..........
.....l..l..##......####......##.
##.##..###.#.YZ@...........#.#..
#.. #..l..........#...##...
#..........#.#...#####..#....
...##...#...####...###...#...)
........##...##.##...###.......
........ ##...#........##......
.###.# .....>...##.......##. #.
......###...###..<.##. ##
.....###....##...##..


You could see an ice beast, an iguana and a centaur skeleton.

Vanquished Creatures
  A scorpion (D:4)
  An orc wizard (D:3)
  Terence (D:2)
  Natasha (D:2)
  A worker ant (D:4)
  An adder (D:3)
  An ooze (D:4)
  A worm (D:4)
  2 dart slugs
  2 leopard geckos
  5 orcs
  4 giant cockroaches
  4 goblins
  3 hobgoblins
  3 jackals (D:1)
  2 quokkas
  7 bats
  A frilled lizard (D:4)
  7 kobolds
  9 rats
57 creatures vanquished.

Notes
Turn   | Place    | Note
-------+----------+-------------------------------------------
     0 | D:1      | JarJarBinks the Human Ice Elementalist began the quest for
                  | the Orb.
     0 | D:1      | Reached XP level 1. HP: 13/13 MP: 3/3
   389 | D:1      | Reached skill level 1 in Fighting
   440 | D:1      | Reached XP level 2. HP: 21/21 MP: 1/5
  1236 | D:2      | Found a shadowy altar of Dithmenos.
  1251 | D:2      | Reached XP level 3. HP: 23/27 MP: 4/6
  1256 | D:2      | Learned a level 3 spell: Frozen Ramparts
  1439 | D:2      | Found an ornate altar of the Wu Jian Council.
  1529 | D:2      | Found a hazy altar of Hepliaklqana.
  1545 | D:2      | Found a basalt altar of Yredelemnul.
  1549 | D:2      | Found an iron altar of Okawaru.
  1591 | D:2      | Noticed Natasha
  1597 | D:2      | Killed Natasha
  1597 | D:2      | Reached XP level 4. HP: 34/34 MP: 3/7
  1637 | D:2      | Noticed Terence
  1659 | D:2      | Killed Terence
  2081 | D:2      | Identified a +0 pair of boots of running (You found it on
                  | level 2 of the Dungeon)
  2457 | D:3      | Noticed Jessica
  2680 | D:3      | Reached XP level 5. HP: 41/41 MP: 4/8
  2686 | D:3      | Learned a level 4 spell: Summon Ice Beast
  2709 | D:3      | Reached skill level 1 in Summonings
  3163 | D:3      | Found a blossoming altar of Fedhas.
  3370 | D:4      | Reached XP level 6. HP: 36/47 MP: 2/9
  3839 | D:4      | Noticed an ice beast
  3851 | D:4      | HP: 1/47 [ice beast (11)]
  3854 | D:4      | Slain by a centaur skeleton

Levels and vault maps discovered:
D:1:      sevenhm_arrival_forest_fort_small_3, layout_loops_corners
D:2:      layout_basic, old_standard_altar, old_standard_altar,
          minmay_overflow_temple_star_quad, serial_co_window_serial,
          co_window_paths_a, co_window_paths_b, co_window_corner_a,
          co_window_of_opportunity_a, co_window_paths_a, co_window_broadway_c,
          co_window_of_opportunity_b, co_window_cross_4,
          co_window_unsneaky_path_e, co_window_cross_2, co_window_paths_e,
          glass_columns_c, glass_columns_a, glass_columns_a, glass_columns_a,
          glass_columns_c, first_ration, uniq_natasha, uniq_terence
D:3:      layout_rooms, fedhas_altar_fruit_tree, tgw_sif
D:4:      layout_cave_pools, minmay_hedge_maze, chequers_serial_rivers_small_b

Skill      XL: |  1  2  3  4  5 |
---------------+----------------+-----
Fighting       | 1 2 3 |  3.0
Dodging        | 3 |  3.0
Summonings     | 2 |  2.9
Stealth        | |  2.0
Spellcasting   | |  2.1
Ice Magic      | |  4.5

Action                   |  1- 3 |  4- 6 || total
-------------------------+-------+-------++-------
Melee: Short sword       |    17 |    45 ||    62
       Dagger            |     4 |       ||     4
 Cast: Freeze            |    27 |    22 ||    49
       Frozen Ramparts   |     1 |    17 ||    18
  Use: Scroll            |       |     4 ||     4
 Stab: Sleeping          |     1 |       ||     1
  Eat: Ration            |     1 |     2 ||     3
       Chunk             |       |     2 ||     2
Armor: Robe              |    10 |    17 ||    27
Dodge: Dodged            |    38 |    44 ||    82

Table legend:
 A = Non-vault XP
 B = Vault XP
 C = Vault XP percentage of total XP
 D = Non-vault monster count
 E = Vault monster count
 F = Vault count percentage of total count
                 A         B        C        D         E       F
            +---------+---------+-------+---------+---------+-------
      Total |     251 |      71 |  22.0 |      55 |       2 |   3.5
            +---------+---------+-------+---------+---------+-------
        D:1 |      25 |       0 |   0.0 |      17 |       0 |   0.0
        D:2 |      17 |      71 |  80.7 |      10 |       2 |  16.7
        D:3 |      94 |       0 |   0.0 |      22 |       0 |   0.0
        D:4 |     115 |       0 |   0.0 |       6 |       0 |   0.0
            +---------+---------+-------+---------+---------+-------
